 Dungeon Crawl Stone Soup version 0.20.1-1-g8b1a95d (webtiles) character file.

711 vishdafish the Grave Robber (level 8, 0/52 HPs)
             Began as a Human Necromancer on July 15, 2017.
             Slain by a centaur (8 damage)
             ... on level 6 of the Dungeon.
             The game lasted 00:12:14 (6114 turns).

vishdafish the Grave Robber (Human Necromancer)     Turns: 6114, Time: 00:12:15

Health: 0/52       AC:  3    Str:  9    XL:     8   Next: 0%
Magic:  1/11       EV: 13    Int: 18    God:
Gold:   220        SH:  0    Dex: 13    Spells: 7/11 levels left

rFire    . . .     SeeInvis .   F - +0 rapier
rCold    . . .     Gourm    .   (no shield)
rNeg     . . .     Faith    .   a - +0 robe
rPois    .         Spirit   .   i - +0 helmet
rElec    .         Reflect  .   (no cloak)
rCorr    .         Harm     .   (no gloves)
MR       .....                  (no boots)
Stlth    ++........             (no amulet)
Regen    0.2/turn               (no ring)
MPRegen  0.2/turn               (no ring)

@: no status effects
A: no striking features
a: no special abilities


You were on level 6 of the Dungeon.
You were very hungry.

You visited 1 branch of the dungeon, and saw 7 of its levels.

You collected 220 gold pieces.

Inventory:

Hand Weapons
 l - a +2 hunting sling of velocity
 F - a +0 rapier (weapon)
Missiles
 m - 76 sling bullets
Armour
 a - a +0 robe (worn)
 i - a +0 helmet (worn)
Jewellery
 t - an uncursed ring of resist corrosion {unknown}
Wands
 x - a wand of confusion (29/48)
 y - a wand of lightning (9/15)
 D - a wand of disintegration (5/24)
Scrolls
 e - 2 scrolls of recharging {unknown}
 g - a scroll of summoning {unknown}
 h - 4 scrolls of teleportation {unknown}
 j - 2 scrolls of enchant weapon {unknown}
 k - a scroll of noise {unknown}
 n - a scroll of magic mapping {unknown}
 p - 2 scrolls of fear {unknown}
 q - 3 scrolls of remove curse {unknown}
 r - 6 scrolls of identify {unknown}
 w - 2 scrolls of enchant armour {unknown}
Potions
 d - 2 potions of heal wounds
 o - a potion of berserk rage {unknown}
 s - a potion of agility {unknown}
 u - 3 potions of curing {unknown}
 z - 2 potions of degeneration {unknown}
 B - a potion of haste {unknown}
 C - 3 potions of flight {unknown}
 E - a potion of resistance {unknown}
Books
 b - a book of Necromancy

   Spells                             Type                      Level
   a - Pain                           Necromancy                   1
   b - Animate Skeleton               Necromancy                   1
   c - Vampiric Draining              Necromancy                   3
   d - Regeneration                   Charms/Necromancy            3
   e - Animate Dead                   Necromancy                   4
   f - Control Undead                 Necromancy                   4
 v - a book of Minor Magic

   Spells                             Type                      Level
   a - Magic Dart                     Conjuration                  1
   b - Blink                          Translocation                2
   c - Call Imp                       Summoning                    2
   d - Slow                           Hexes                        2
   e - Conjure Flame                  Conjuration/Fire             3
   f - Mephitic Cloud                 Conjuration/Poison/Air       3
Comestibles
 c - 4 bread rations
 f - 4 fruits
 A - 2 royal jellies
 H - a meat ration


   Skills:
 * Level 3.9 Short Blades
 * Level 3.0 Slings
 + Level 3.5 Dodging
 + Level 3.7 Stealth
 - Level 2.0 Spellcasting
 * Level 6.0 Necromancy


You had 7 spell levels left.
You knew the following spells:

 Your Spells              Type           Power        Failure   Level  Hunger
a - Pain                  Necr           ###.         1%          1    #......
b - Vampiric Draining     Necr           ###.......   4%          3    ###....


Dungeon Overview and Level Annotations

Branches:
Dungeon (7/15)
 Temple: D:4-7

Altars:


Message History

The centaur hits you!
* * * LOW HITPOINT WARNING * * *
The centaur barely misses you.
You hit the centaur.
The centaur is severely wounded.
The centaur barely misses you.
You closely miss the centaur.
The centaur is severely wounded.
The centaur misses you. The centaur barely misses you.
You hit the centaur.
The centaur is almost dead.
The centaur misses you.
You hit the centaur.
The centaur is almost dead.
The centaur hits you but does no damage.
The centaur barely misses you.
You barely miss the centaur.
The centaur is almost dead.
The centaur hits you!
You die...

(. #. #.## #..#
#..#
####(########
#....(.......
#.###(#########
# #(.c@(....(..
#.#.#########
#.#.# # #.# #.#
#.# #.# #.#####
#....<#


You could see a centaur.

Vanquished Creatures
  An ogre (D:5)
  A bullfrog (D:4)
  A scorpion (D:5)
  A bullfrog skeleton (D:5)
  A centaur skeleton (D:5)
  An orc priest (D:5)
  2 hounds
  3 orc wizards
  Jessica (D:3)
  An iguana (D:3)
  A hound skeleton (D:4)
  A gnoll (D:1)
  7 adders
  2 oozes
  2 worms
  A leopard gecko (D:2)
  22 orcs
  3 ball pythons
  2 bats (D:3)
  6 giant cockroaches
  8 goblins
  14 hobgoblins
  11 jackals (D:3)
  6 kobolds
  3 quokkas
  5 frilled lizards
  A jackal skeleton (D:5)
  10 rats
118 creatures vanquished.

Notes
Turn   | Place    | Note
-------+----------+-------------------------------------------
     0 | D:1      | vishdafish the Human Necromancer began the quest for the Orb.
     0 | D:1      | Reached XP level 1. HP: 13/13 MP: 3/3
   226 | D:1      | Reached XP level 2. HP: 17/19 MP: 5/5
   399 | D:1      | Reached skill level 1 in Short Blades
   807 | D:1      | Reached XP level 3. HP: 24/24 MP: 6/6
  1446 | D:2      | Reached XP level 4. HP: 19/30 MP: 7/7
  1731 | D:2      | Reached skill level 1 in Slings
  2125 | D:2      | Reached XP level 5. HP: 10/35 MP: 3/8
  2409 | D:2      | Learned a level 3 spell: Vampiric Draining
  2805 | D:3      | Noticed Jessica
  2810 | D:3      | Killed Jessica
  2810 | D:3      | Reached skill level 5 in Necromancy
  3177 | D:3      | Reached XP level 6. HP: 41/41 MP: 9/9
  4405 | D:4      | Reached XP level 7. HP: 43/46 MP: 10/10
  5027 | D:5      | Entered Level 5 of the Dungeon
  5516 | D:5      | Reached skill level 6 in Necromancy
  6096 | D:6      | Reached XP level 8. HP: 35/52 MP: 6/11
  6114 | D:6      | Slain by a centaur

Skill      XL: |  1  2  3  4  5  6  7 |
---------------+----------------------+-----
Short Blades   | 1 2 3 |  3.9
Slings         | 1 2 3 |  3.0
Necromancy     | 5 6 |  6.0
Stealth        | 3 |  3.7
Dodging        | 3 |  3.5
Spellcasting   | |  2.0

Action                   |  1- 3 |  4- 6 |  7- 9 || total
-------------------------+-------+-------+-------++-------
Melee: Dagger            |    16 |       |       ||    16
       Unarmed           |    13 |       |       ||    13
       Short sword       |    42 |   158 |    25 ||   225
       Rapier            |       |       |     9 ||     9
 Fire: Hunting sling     |    36 |    89 |    45 ||   170
 Cast: Pain              |     6 |    13 |    14 ||    33
       Vampiric Draining |       |     5 |     3 ||     8
  Use: Potion            |       |       |     1 ||     1
 Stab: Sleeping          |       |     4 |     1 ||     5
  Eat: Chunk             |     1 |     7 |     4 ||    12
       Bread ration      |       |     1 |       ||     1
Armor: Robe              |    22 |    26 |    10 ||    58
Dodge: Dodged            |    58 |   125 |    46 ||   229
